 Seeded DCSS version 0.29-a0-973-gac7da5f7f0 (webtiles) character file.

Game seed: 123456 (custom seed)

7567 purpskrrrp the Markskobold (level 11, 0/57 HPs)
             Began as a Kobold Hunter on July 31, 2022.
             Was an Elder of Dithmenos.
             Slain by a death yak (16 damage)
             ... on level 8 of the Dungeon.
             The game lasted 00:43:14 (9889 turns).

purpskrrrp the Markskobold (Kobold Hunter)          Turns: 9889, Time: 00:43:14

Health: 0/57       AC: 10    Str:  8    XL:     11   Next: 39%
Magic:  11/11      EV: 14    Int: 11    God:    Dithmenos [****..]
Gold:   1390       SH:  0    Dex: 23    Spells: 10/10 levels left

rFire   . . .      SeeInvis .   d - +9 shortbow (venom)
rCold   . . .      Faith    .   (shield currently unavailable)
rNeg    . . .      Spirit   .   f - +1 acid dragon scales
rPois   .          Reflect  .   (no helmet)
rElec   .          Harm     .   (no cloak)
rCorr   +          Rampage  .   (no gloves)
Will    .....                   r - +2 pair of boots
Stlth   ++++++....              j - amulet of regeneration
HPRegen 0.99/turn               (no ring)
MPRegen 0.12/turn               (no ring)

@: about to teleport, wreathed by umbra
A: small, no large weapons, nightstalker 3
a: Renounce Religion, Shadow Step


You were on level 8 of the Dungeon.
You worshipped Dithmenos.
Dithmenos was greatly pleased with you.
You visited 1 branch of the dungeon, and saw 10 of its levels.
You also visited: Ossuary and Bailey.

You collected 1390 gold pieces.

Inventory:

Hand Weapons
 a - a +5 shortbow
 d - a +9 shortbow of venom (weapon)
Missiles
 n - a throwing net
Armour
 c - a +1 leather armour
 f - +1 acid dragon scales (worn)
 r - a +2 pair of boots (worn)
Jewellery
 j - an amulet of regeneration (around neck)
Wands
 g - a wand of flame (8)
 u - a wand of mindburst (13)
Scrolls
 b - 4 scrolls of immolation
 o - a scroll of teleportation
 v - a scroll of torment
 z - a scroll of enchant weapon
 A - 2 scrolls of summoning
Potions
 e - 2 potions of heal wounds {unknown}
 h - 2 potions of might {unknown}
 i - a potion of flight {unknown}
 k - a potion of curing
 l - 4 potions of magic {unknown}
 m - a potion of brilliance {unknown}
 p - 3 potions of cancellation {unknown}
 q - 2 potions of degeneration {unknown}
 s - a potion of resistance {unknown}
 t - a potion of invisibility {unknown}
 w - 2 potions of mutation {unknown}
 x - a potion of haste


   Skills:
 - Level 2.2 Fighting
 + Level 20.9 Ranged Weapons
 - Level 2.4 Dodging
 + Level 5.8 Stealth


You had 10 spell levels left.
You didn't know any spells.
Your spell library contained the following spells:

 Spells                   Type           Power      Damage    Failure   Level
 Foxfire                  Conj/Fire      0%         2x1d4     54%         1
 Sandblast                Erth           0%         2d4       54%         1
 Slow                     Hex            0%         N/A       54%         1
 Summon Small Mammal      Summ           0%         N/A       54%         1
 Passwall                 Tmut/Erth      0%         N/A       67%         2
 Sublimation of Blood     Necr           0%         N/A       67%         2
 Call Canine Familiar     Summ           0%         N/A       88%         3
 Confusing Touch          Hex            0%         N/A       88%         3
 Conjure Flame            Conj/Fire      0%         6-21      88%         3
 Inner Flame              Hex/Fire       0%         N/A       88%         3
 Stone Arrow              Conj/Erth      0%         3d7       88%         3
 Summon Guardian Golem    Hex/Summ       0%         N/A       88%         3
 Vampiric Draining        Necr           0%         2d6       88%         3
 Flame Wave               Conj/Fire      0%         2d4       99%         4
 Passage of Golubria      Tloc           0%         N/A       99%         4
 Petrify                  Tmut/Erth      0%         N/A       99%         4
 Summon Ice Beast         Ice/Summ       0%         N/A       99%         4
 Irradiate                Conj/Tmut      0%         3d11      100%        5
 Silence                  Hex/Air        0%         N/A       100%        5
 Summon Mana Viper        Hex/Summ       0%         N/A       100%        5
 Monstrous Menagerie      Summ           0%         N/A       100%        7
 Lehudib's Crystal Spear  Conj/Erth      0%         10d2      100%        8


Dungeon Overview and Level Annotations

Branches:
Dungeon (10/15)              Lair (0/5) D:8         Ossuary (visited)
 Bailey (visited)
 Temple: D:4-7          Orc: D:9-12

Altars:
Dithmenos
Elyvilon
Hepliaklqana
Makhleb
Nemelex Xobeh
Qazlal
Sif Muna
Uskayaw
Wu Jian
Zin

Shops:
D:6 :(


Innate Abilities, Weirdness & Mutations

You are small and have problems with some larger weapons.
You are completely attuned to the shadows.


Message History

You hear a bellow!
You hear a shout!
A death yak comes into view.
You hear a bellow! x2
A gnoll comes into view. It is wielding a +0 club.
You hear a bellow!
You hear a roar!
Found a potion of curing.
A shadow imp comes into view.
A gnoll comes into view. It is wielding a +0 club.
You shoot an arrow. The gnoll shouts!
The arrow hits the death yak!
The death yak looks as sick as possible!
The death yak is heavily wounded.
You hear a shout!
You hear a bellow!
A yak comes into view.
The gnoll misses you. The death yak gores you! The yak closely misses you.
A yak comes into view.
A gnoll bouda comes into view. It is wielding a +0 club.
Fire: d) +9 shortbow (venom)
Press: ? - help, Shift-Dir - straight line, f - gnoll, p - death yak
Aim: a gnoll, wielding a +0 club (umbra, 79% to hit)
You shoot an arrow. The arrow hits the gnoll!!
You kill the gnoll!
Dithmenos accepts your kill.
Your shadow shoots an arrow.
You hear a bellow!
The death yak attacks as you move away! The death yak gores you!!
The yak barely misses you.
You see here a +0 club.
As you read the scroll of teleportation, it crumbles to dust.
You feel strangely unstable.
The gnoll bouda barks out a call to the hunt!
The gnoll picks up the pace!
The shadow imp misses you. The death yak gores you!!
* * * LOW HITPOINT WARNING * * *
A gnoll comes into view. It is wielding a +0 flail.
A yak comes into view.
Okay, then.
You feel better. The shadow imp barely misses you. The death yak gores you!
You die...

.......
#g..!.#
.g..# #5g#
##@# ##YY#
.#YYY###
.......#
Y......####
...........
..#.....###
>.#....##
..#....#


You could see 2 death yaks, 4 yaks, a gnoll bouda, 2 gnolls and a shadow imp.

Vanquished Creatures
  2 two-headed ogres (D:10)
  2 orc knights (Bailey)
  A hornet (D:10)
  Sigmund (D:2)
  8 yaks (D:10)
  2 vampire mosquitoes (D:10)
  3 acid dragons
  8 orc warriors
  A black bear (D:5)
  An ogre (D:5)
  3 phantoms (D:5)
  A centaur (D:8)
  5 elf zombies (Ossuary)
  A bullfrog (D:4)
  6 scorpions
  5 wights (D:6)
  2 jellies (D:5)
  5 human zombies (Ossuary)
  2 centaur zombies (Ossuary)
  3 hounds
  5 orc priests
  2 gnoll boudas
  3 iguanas
  7 orc wizards
  3 mummies (Ossuary)
  12 gnolls
  9 adders
  A shadow imp (D:5)
  2 white imps (D:6)
  An ufetubus (D:4)
  A dart slug (D:3)
  48 orcs
  5 endoplasms
  3 giant cockroaches
  11 goblins
  8 hobgoblins
  6 quokkas
  8 ball pythons
  6 bats
  5 frilled lizards
  6 kobolds
  10 rats
224 creatures vanquished.

Notes
Turn   | Place    | Note
-------+----------+-------------------------------------------
     0 | D:1      | purpskrrrp the Kobold Hunter began the quest for the Orb.
     0 | D:1      | Reached XP level 1. HP: 12/12 MP: 1/1
   178 | D:1      | Reached XP level 2. HP: 14/17 MP: 2/2
   272 | D:1      | Reached skill level 6 in Ranged Weapons
   925 | D:1      | Reached XP level 3. HP: 21/21 MP: 3/3
  1483 | D:2      | Found an ornate altar of the Wu Jian Council.
  1630 | D:2      | Reached skill level 7 in Ranged Weapons
  1630 | D:2      | Reached XP level 4. HP: 26/26 MP: 4/4
  1786 | D:2      | Noticed Sigmund
  1808 | D:2      | Killed Sigmund
  1809 | D:2      | Reached skill level 8 in Ranged Weapons
  1809 | D:2      | Reached XP level 5. HP: 4/30 MP: 5/5
  1809 | D:2      | Reached XP level 6. HP: 5/35 MP: 6/6
  2106 | D:2      | Reached skill level 9 in Ranged Weapons
  3331 | D:3      | You fall into a shaft and drop 3 floors!
  3400 | D:6      | Found a shadowy altar of Dithmenos.
  3425 | D:6      | Became a worshipper of Dithmenos the Shadowed
  3600 | D:6      | Reached skill level 10 in Ranged Weapons
  3600 | D:6      | Reached XP level 7. HP: 25/40 MP: 7/7
  3719 | D:6      | Found Xecken's Weapon Emporium.
  3949 | D:6      | Found a sand-covered staircase.
  3956 | Ossuary  | Entered an ossuary
  4024 | Ossuary  | Reached skill level 11 in Ranged Weapons
  4295 | Ossuary  | Reached XP level 8. HP: 28/44 MP: 8/8
  4384 | Ossuary  | Reached skill level 12 in Ranged Weapons
  4669 | Ossuary  | Identified a scroll of acquirement
  4669 | Ossuary  | Acquired a +7 vorpal shortbow
  4995 | D:6      | Reached * piety under Dithmenos
  5009 | D:6      | Reached skill level 13 in Ranged Weapons
  5170 | D:6      | Found an ornate altar of the Wu Jian Council.
  5174 | D:6      | Noticed a spectral centipede
  5174 | D:6      | Noticed a spectral black mamba
  5903 | D:6      | Found Gimosepa's Book Shop.
  6068 | D:6      | Reached skill level 14 in Ranged Weapons
  6068 | D:6      | Reached XP level 9. HP: 48/48 MP: 9/9
  6208 | D:5      | Entered Level 5 of the Dungeon
  6295 | D:5      | Reached skill level 15 in Ranged Weapons
  6510 | D:5      | HP: 1/48 [orc priest/divine providence (12)]
  6756 | D:5      | Reached skill level 16 in Ranged Weapons
  6926 | D:4      | Reached ** piety under Dithmenos
  7121 | D:4      | Found a stormy altar of Qazlal.
  7187 | D:4      | Found a burning altar of Makhleb.
  7411 | D:4      | Found a hazy altar of Hepliaklqana.
  7953 | D:7      | You fall into a shaft and drop 3 floors!
  7953 | D:10     | Entered Level 10 of the Dungeon
  8022 | D:10     | Noticed a two-headed ogre
  8033 | D:10     | Killed a two-headed ogre
  8034 | D:10     | Reached skill level 17 in Ranged Weapons
  8034 | D:10     | Reached XP level 10. HP: 22/53 MP: 10/10
  8070 | D:10     | Found a white marble altar of Elyvilon.
  8073 | D:10     | Found a glowing silver altar of Zin.
  8076 | D:10     | Found a hide-covered altar of Uskayaw.
  8129 | D:10     | Noticed a two-headed ogre
  8140 | D:10     | Found a shimmering blue altar of Sif Muna.
  8153 | D:10     | Killed a two-headed ogre
  8154 | D:10     | Reached skill level 18 in Ranged Weapons
  8475 | D:10     | Found a sparkling altar of Nemelex Xobeh.
  8696 | D:10     | Reached skill level 5 in Stealth
  8892 | D:10     | Reached *** piety under Dithmenos
  8893 | D:10     | Reached skill level 19 in Ranged Weapons
  8908 | D:10     | Reached XP level 11. HP: 33/57 MP: 11/11
  9119 | D:9      | Found a flagged portal.
  9133 | Bailey   | Entered a bailey
  9257 | Bailey   | Noticed an orc knight
  9289 | Bailey   | Killed an orc knight
  9290 | Bailey   | Reached skill level 20 in Ranged Weapons
  9411 | Bailey   | Noticed an orc knight
  9450 | Bailey   | Killed an orc knight
  9526 | Bailey   | Acquired 850 gold pieces
  9721 | D:8      | Reached **** piety under Dithmenos
  9872 | D:8      | Found a staircase to the Lair.
  9881 | D:8      | Noticed a death yak
  9882 | D:8      | Noticed a death yak
  9889 | D:8      | Slain by a death yak

Illustrated notes

Levels and vault maps discovered:
D:1:      sevenhm_arrival_forest_fort_small_5, layout_basic,
          grunt_decor_resistance
D:2:      layout_loops_cross, basic_altar, uniq_sigmund
D:3:      layout_loops_ring, portal_sewer_entry_e, cheibrodos_gnoll_hut
D:4:      layout_loops_corners, nzn_hepliaklqana_mist_gate, grunt_qazlal_clouds,
          mainiacjoe_overflow_cross_hatched
D:5:      layout_basic, kennysheep_generic_room_2
D:6:      layout_basic, nicolae_dithmenos_shadow_blocks,
          pdpol_wu_jian_five_deadly_venoms,
          lightli_ossuary_entry_decrepit_ruins, serial_shops, shop_fountains,
          nicolae_shop_window_shopping
D:7:      layout_cave_pools, marbit_many_paths, minmay_temple_entry_slanted
D:8:      layout_cave_pods, nicolae_overflow_crystal_walls, ashenzari_altar_1,
          dpeg_lair_monsters
D:9:      lemuel_bear_cage, layout_basic, enter_bailey_3, uniq_maurice,
          uniq_joseph
D:10:     nicolae_cairo_tiling_large, layout_irregular_city, led_sif_book,
          grunt_temple_overflow_diamond, nemelex_diamond_rough_becter

Skill      XL: |  1  2  3  4  5  6  7  8  9 10 11 |
---------------+----------------------------------+-----
Ranged Weapons | 6 7 8 10 11 14 17 19 20 | 20.9
Stealth        | 2 3 4 5 |  5.8
Fighting       | |  2.2
Dodging        | |  2.4

Action                   |  1- 3 |  4- 6 |  7- 9 | 10-12 || total
-------------------------+-------+-------+-------+-------++-------
 Fire: Shortbow          |    78 |   111 |   311 |   168 ||   668
Throw: Boomerang         |       |     2 |       |       ||     2
       Throwing net      |       |       |     1 |       ||     1
Evoke: Wand              |       |       |       |     1 ||     1
  Use: Scroll            |       |     8 |    19 |     8 ||    35
       Potion            |       |     1 |     5 |     3 ||     9
Armor: Leather armour    |     8 |     7 |    25 |       ||    40
       Acid dragon scale |       |       |       |    10 ||    10
Dodge: Dodged            |    28 |    35 |    79 |    61 ||   203

Table legend: (Time is in decaauts)
 A = Elapsed time spent in this place.
 B = Non-inter-level travel time spent in this place.
 C = Inter-level travel time spent in this place.
 D = Time resting spent in this place.
 E = Time spent auto-exploring this place.
 F = Levels seen in this place.
 G = Mean time per level.
                   A        B        C        D        E       F      G
               +--------+--------+--------+--------+--------+-----+--------+
         Total |   9819 |   9724 |     95 |   1931 |   5683 |  12 |  818.2 |
       Dungeon |   8482 |   8387 |     95 |   1288 |   5674 |  10 |  848.2 |
       Ossuary |    945 |    945 |      0 |    617 |      9 |   1 |  945.0 |
        Bailey |    392 |    392 |      0 |     26 |      0 |   1 |  392.0 |
               +--------+--------+--------+--------+--------+-----+--------+

Top non-repeatable levels by time:
     D:6: 1949 daAuts
     D:1: 1288 daAuts
    D:10: 1101 daAuts
     D:3: 1090 daAuts
     D:2: 987 daAuts
 Ossuary: 945 daAuts
     D:4: 866 daAuts
     D:5: 692 daAuts
  Bailey: 392 daAuts
     D:8: 203 daAuts
     D:9: 182 daAuts
     D:7: 121 daAuts
